 Dungeon Crawl Stone Soup version 0.26.0-45-g9c1d065592 (webtiles) character file.

Game seed: 3268146352397181550

1393 thiole the Stinger (level 8, -1/46 HPs)
             Began as an Octopode Hedge Wizard on Jan 27, 2021.
             Was an Initiate of Gozag.
             Slain by a sky beast (6 damage)
             ... on level 7 of the Dungeon.
             The game lasted 00:15:57 (7406 turns).

thiole the Stinger (Octopode Hedge Wizard)          Turns: 7406, Time: 00:15:58

Health: -1/46      AC:  1    Str:  9    XL:     8   Next: 68%
Magic:  5/14       EV: 14    Int: 18    God:    Gozag
Gold:   649        SH:  0    Dex: 18    Spells: 7/15 levels left

rFire    . . .     SeeInvis .   c - +6 dagger (freeze)
rCold    + . .     Faith    .   (no shield)
rNeg     . . .     Spirit   .   b - +0 hat
rPois    .         Reflect  .   (no amulet)
rElec    .         Harm     .   t - ring of protection from cold
rCorr    .         Rampage  .   q - +6 ring of dexterity
Will     .....                  (no ring)
Stlth    ++++......             (no ring)
HPRegen  0.15/turn              (no ring)
MPRegen  0.14/turn              (no ring)
                                (no ring)
                                (no ring)

@: mighty, gold aura, attractive
A: almost no armour, stealthy swim, amphibious, 8 rings, constrict 8, camouflage
1, gelatinous body 1
a: Renounce Religion, Potion Petition, Call Merchant, Bribe Branch


You were on level 7 of the Dungeon.
You worshipped Gozag.
Gozag was pleased with you.
You visited 1 branch of the dungeon, and saw 7 of its levels.
You also visited: Sewer.

You collected 699 gold pieces.
You paid 50 gold pieces to Gozag.

Inventory:

Hand Weapons
 c - a +6 dagger of freezing (weapon)
Missiles
 a - 31 poisoned darts
Armour
 b - a +0 hat (worn)
Jewellery
 q - a +6 ring of dexterity (right tentacle)
 t - a ring of protection from cold (left tentacle)
Wands
 m - a wand of iceblast (10)
 w - a wand of flame (20)
 x - a wand of polymorph (9)
Scrolls
 e - a scroll of fog
 h - a scroll of teleportation {unknown}
 j - a scroll of immolation
 k - a scroll of remove curse {unknown}
 n - 2 scrolls of identify
 o - a scroll of magic mapping
 r - a scroll of amnesia {unknown}
 v - 3 scrolls of blinking {unknown}
 y - a scroll of fear {unknown}
Potions
 d - a potion of curing
 f - a potion of might
 g - a potion of berserk rage {unknown}
 i - a potion of degeneration {unknown}
 l - a potion of lignification {unknown}
 p - a potion of brilliance {unknown}
 s - 3 potions of attraction
 u - a potion of magic {unknown}
 z - a potion of invisibility {unknown}
 A - a potion of mutation {unknown}
 B - a potion of ambrosia {unknown}


   Skills:
 - Level 2.0 Dodging
 - Level 5.0 Stealth
 - Level 4.0 Spellcasting
 - Level 2.0 Conjurations
 - Level 2.0 Summonings
 - Level 1.0 Translocations
 * Level 6.3 Air Magic
 * Level 7.6 Poison Magic


You had 7 spell levels left.
You knew the following spells:

 Your Spells              Type           Power        Failure   Level
a - Magic Dart            Conj           40%          6%          1
b - Call Imp              Summ           10%          10%         2
c - Blink                 Tloc           N/A          14%         2
d - Mephitic Cloud        Conj/Pois/Air  22%          4%          3

Your spell library contained the following spells:

 Spells                   Type           Power        Failure   Level
 Slow                     Hex            3%           22%         2
 Conjure Flame            Conj/Fire      7%           28%         3
 Gell's Gravitas          Tloc           3%           28%         3
 Portal Projectile        Hex/Tloc       10%          34%         3
 Dispersal                Tloc           3%           100%        6
 Disjunction              Tloc           3%           100%        8


Dungeon Overview and Level Annotations

Branches:
Dungeon (8/15)             Temple (0/1) D:6           Sewer (visited)
   Lair: D:8-11

Altars:
Gozag
Trog
The Shining One

Annotations:
D:3 1 runed translucent door, Crazy Yiuf
D:6 2 transporters


Innate Abilities, Weirdness & Mutations

You cannot wear most types of armour.
You are very stealthy in the water. (Stealth+)
You are amphibious.
You can wear up to eight rings at the same time.
You can use your tentacles to constrict eight enemies at once.
Your skin changes colour to match your surroundings (Stealth+).
Your rubbery body absorbs attacks. (AC +1, EV +1)


Message History

Something shocks you.
* * * LOW HITPOINT WARNING * * *
A mysterious force pulls you upwards. The hatch slams shut behind you.
Your summoned ally is left behind.
Reactivating autopickup.
An orc and a shadow imp come into view.
The shadow imp is pulled toward you! The orc is pulled toward you!
Found a dyed leather armour.
Found a stone staircase leading up.
An orc comes into view.
Your magical contamination has completely faded away.
The shadow imp is pulled toward you! The orc is pulled toward you! x2
Found a glowing leather armour.
The helpless orc fails to defend itself.
You skewer the orc like a kebab!!! You freeze the orc.
You kill the orc!
Something hits you.
* * * LOW HITPOINT WARNING * * *
Something shocks you.
You die...
Your body crumbles into a pile of gold.

###.###..............#....##
#.#.###.............#######
#...........#......
#.###.#.#..#.[..... ...
##.####......# ##..
##..........# #..
#..........# ... #....#.##
h... #..@....# ....
#..<5....# ..........#.#
...............
[........o.....
...............
......##.#....# ......
##...##


You could see a shadow imp and an orc (asleep).

Vanquished Creatures
  Sigmund (D:4)
  Purgy (Sewer)
  An orc warrior (D:6)
  2 bullfrogs (D:6)
  A scorpion (D:4)
  2 howler monkeys (D:8)
  A hound (D:8)
  7 orc wizards
  A gnoll shaman (D:4)
  3 orc priests (D:4)
  An iguana (D:8)
  7 gnolls
  7 adders
  A howler monkey skeleton (D:4)
  A white imp (D:7)
  An ooze (D:2)
  A worm (D:2)
  3 dart slugs
  7 leopard geckos
  7 orcs
  7 bats
  4 giant cockroaches
  9 goblins
  6 hobgoblins
  A jackal (D:6)
  9 kobolds
  A quokka (D:2)
  11 frilled lizards
  A leopard gecko skeleton (D:4)
  6 rats
111 creatures vanquished.

Vanquished Creatures (collateral kills)
  3 ogres
  A bullfrog (D:7)
  A scorpion (D:6)
  2 worker ants (D:6)
  5 gnolls
  An adder (D:2)
  A worm (D:6)
  2 leopard geckos
  2 orcs
  2 jackals (D:6)
  2 quokkas (D:6)
22 creatures vanquished.

Vanquished Creatures (others)
  A wizard (D:3)
1 creature vanquished.

Grand Total: 134 creatures vanquished

Notes
Turn   | Place    | Note
-------+----------+-------------------------------------------
     0 | D:1      | thiole the Octopode Hedge Wizard began the quest for the
                  | Orb.
     0 | D:1      | Reached XP level 1. HP: 11/11 MP: 4/4
   586 | D:1      | Reached XP level 2. HP: 17/17 MP: 4/6
   992 | D:1      | Reached XP level 3. HP: 21/21 MP: 5/7
   995 | D:1      | Learned a level 2 spell: Call Imp
   998 | D:1      | Learned a level 2 spell: Blink
  1002 | D:1      | Learned a level 3 spell: Mephitic Cloud
  1153 | D:1      | Found a glowing golden altar of the Shining One.
  2355 | D:2      | Reached XP level 4. HP: 27/27 MP: 7/9
  3443 | D:3      | Reached XP level 5. HP: 31/31 MP: 4/10
  3519 | D:3      | Found a runed translucent door.
  3520 | D:3      | Noticed Crazy Yiuf
  3817 | D:3      | Reached skill level 1 in Poison Magic
  3997 | D:3      | Found an opulent altar of Gozag.
  4004 | D:3      | Became a worshipper of Gozag Ym Sagoz the Greedy
  4142 | D:3      | Reached skill level 1 in Air Magic
  4280 | D:3      | Reached skill level 5 in Stealth
  4318 | D:3      | Reached skill level 2 in Poison Magic
  4525 | D:3      | Found a bloodstained altar of Trog.
  4526 | D:3      | Noticed a wizard
  4532 | D:3      | Killed a wizard
  4840 | D:4      | Noticed Sigmund
  4847 | D:4      | Killed Sigmund
  4848 | D:4      | Reached skill level 3 in Poison Magic
  4848 | D:4      | Reached XP level 6. HP: 28/36 MP: 12/12
  4933 | D:4      | Reached skill level 4 in Poison Magic
  4933 | D:4      | Reached XP level 7. HP: 41/41 MP: 2/13
  5550 | D:4      | Reached skill level 5 in Poison Magic
  5772 | D:4      | You fall into a shaft and drop 3 floors!
  6080 | D:6      | Found a transporter.
  6092 | D:6      | Reached XP level 8. HP: 12/46 MP: 10/14
  6096 | D:6      | Found a transporter.
  6112 | D:6      | Found a glowing drain.
  6126 | Sewer    | Entered a sewer
  6431 | Sewer    | Noticed Purgy
  6663 | Sewer    | Killed Purgy
  6664 | Sewer    | Reached skill level 5 in Air Magic
  6664 | Sewer    | Reached skill level 6 in Poison Magic
  7186 | D:6      | Reached skill level 7 in Poison Magic
  7267 | D:6      | You fall into a shaft and drop 2 floors!
  7406 | D:7      | Slain by a sky beast

Illustrated notes

Levels and vault maps discovered:
D:1:      dpeg_arrival_lava_temple_mockup, layout_loops_cross, tso_metal_star
D:2:      minmay_diamond_boxcup, layout_basic
D:3:      layout_loops_ring, nicolae_gozag_seed_capital, trog_wizard,
          uniq_crazy_yiuf_cottage
D:4:      layout_loops_corners, serial_park_tiny_1, minmay_crossroads,
          uniq_sigmund, uniq_duvessa
D:6:      gammafunk_steamed_eel, layout_basic, minmay_temple_entry_poolview,
          serial_shops, nicolae_shop_behind_doors, nicolae_shop_behind_doors,
          cheibrodos_sewer_entry_drain, grunt_decor_junction
D:7:      layout_cave_pools, gammafunk_ghost_abyssal_escape, serial_shops,
          kennysheep_little_box
D:8:      minmay_blocky_corners, layout_loops_ring, erik_lair_dragon,
          minmay_misc_feat_five

Skill      XL: |  1  2  3  4  5  6  7  8 |
---------------+-------------------------+-----
Stealth        | 3 4 5 |  5.0
Conjurations   | 2 |  2.0
Summonings     | 2 |  2.0
Spellcasting   | 4 |  4.0
Poison Magic   | 3 4 5 7 |  7.6
Air Magic      | 2 3 4 6 |  6.3
Dodging        | |  2.0
Translocations | |  1.0

Action                   |  1- 3 |  4- 6 |  7- 9 || total
-------------------------+-------+-------+-------++-------
Melee: Dagger            |    38 |    36 |    69 ||   143
       Constrict         |    14 |     8 |    14 ||    36
       Tentacles         |     3 |     8 |     8 ||    19
 Cast: Magic Dart        |    57 |    79 |    46 ||   182
       Call Imp          |     1 |    16 |    48 ||    65
       Mephitic Cloud    |       |       |    10 ||    10
  Use: Scroll            |       |     5 |     2 ||     7
       Potion            |       |       |     3 ||     3
 Stab: Sleeping          |       |     3 |     5 ||     8
       Confused          |       |       |     8 ||     8
       Distracted        |       |       |     1 ||     1
Armor: Skin              |     4 |     2 |     2 ||     8
Dodge: Dodged            |    10 |    38 |    42 ||    90
